 Dungeon Crawl Stone Soup version 0.27.1-34-g3ba077fa99 (webtiles) character file.

Game seed: 9038862534515488279

16 Arum the Shield-Bearer (level 2, -3/25 HPs)
             Began as a Formicid Fighter on Jan 3, 2022.
             Slain by Terence (5 damage)
             ... on level 2 of the Dungeon.
             The game lasted 00:00:55 (753 turns).

Arum the Shield-Bearer (Formicid Fighter)            Turns: 753, Time: 00:00:55

Health: -3/25      AC:  6    Str: 20    XL:     2   Next: 75%
Magic:  2/2        EV:  8    Int:  7    God:
Gold:   0          SH:  9    Dex: 10    Spells: 1/1 levels left

rFire    . . .     SeeInvis +   a - +1 quarterstaff
rCold    . . .     Faith    .   c - +0 kite shield
rNeg     . . .     Spirit   .   b - +0 scale mail
rPois    .         Reflect  .   (helmet unavailable)
rElec    .         Harm     .   (no cloak)
rCorr    .         Rampage  .   (no gloves)
Will     .....                  (no boots)
Stlth    ..........             (no amulet)
HPRegen  0.08/turn              (no ring)
MPRegen  0.08/turn              (no ring)

@: no status effects
A: permanent stasis, dig shafts and tunnels, antennae 3, four strong arms
a: Dig, Shaft Self


You were on level 2 of the Dungeon.
You visited 1 branch of the dungeon, and saw 2 of its levels.

Inventory:

Hand Weapons
 a - a +1 quarterstaff (weapon)
Armour
 b - a +0 scale mail (worn)
 c - a +0 kite shield (worn)
Scrolls
 i - a scroll of teleportation
Potions
 d - a potion of might
 e - a potion of brilliance {unknown}
 j - a potion of curing {unknown}


   Skills:
 + Level 3.6 Fighting
 + Level 2.3 Staves
 - Level 3.2 Armour
 + Level 4.0 Shields


You had one spell level left.
You didn't know any spells.
Your spell library was empty.

Dungeon Overview and Level Annotations

Branches:
Dungeon (2/15)

Altars:
Cheibriados

Annotations:
D:2 Terence


Innate Abilities, Weirdness & Mutations

You cannot be hasted, slowed, berserked, paralysed or teleported.
You can dig through walls and to a lower floor.
You have a pair of large antennae on your head. (SInv)
Your four strong arms can wield two-handed weapons with a shield.


Message History

The ball python closely misses you. The ball python constricts you.
Terence hits you with a +0 flail. You block the ball python's attack.
The ball python constricts you. Terence hits you with a +0 flail.
You are too injured to fight recklessly!
You are too injured to fight recklessly!
You are too injured to fight recklessly!
You are too injured to fight recklessly!
You are too injured to fight recklessly!
Unknown command.
You escape the ball python's grasp.
You block the ball python's attack. The ball python grabs you.
The ball python constricts you.
You escape the ball python's grasp.
You hit the ball python.
The ball python is severely wounded.
The ball python bites you but does no damage.
You block the ball python's attack. x2; The ball python grabs you.
The ball python constricts you.
You hit the ball python.
You kill the ball python!
You closely miss Terence. You block Terence's attack.
Terence barely misses you.
You barely miss Terence. Terence barely misses you.
You hit Terence but do no damage. Terence hits you with a +0 flail!
* * * LOW HITPOINT WARNING * * *
As you read the scroll labelled NOBAUBL PEUPAPT, it crumbles to dust.
You feel a strange sense of stasis.
It was a scroll of teleportation.
You block Terence's attack.
As you read the scroll labelled QUAPIO AMPUF, it crumbles to dust.
You hear a loud clanging noise!
It was a scroll of noise.
You hear a shout!
You hear an angry hiss. x2; You hear a shout! x2
Terence barely misses you.
As you read the scroll labelled HECVELLAWK, it crumbles to dust.
It is a scroll of amnesia.
You feel forgetful for a moment. You block Terence's attack.
As you read the scroll labelled BEXOSE JUTO, it crumbles to dust.
It is a scroll of enchant weapon.
Your +0 quarterstaff glows red for a moment.
Terence hits you with a +0 flail.
You die...

#......[..## .#
#.....###..# #.#
####..####.## #..#
#........###..#####
##.####...........#
#.# ##..........
#.# ##......... #.#
####...###... #.#
#.@@......... ###
#.###.######. #.
#..# #. ##.# #. .#
.. .# .# .. # ..
.._


You could see Terence.

Vanquished Creatures
  3 endoplasms
  2 goblins (D:1)
  3 hobgoblins (D:1)
  2 ball pythons
  A frilled lizard (D:1)
  A kobold (D:1)
  3 rats
15 creatures vanquished.

Notes
Turn   | Place    | Note
-------+----------+-------------------------------------------
     0 | D:1      | Arum the Formicid Fighter began the quest for the Orb.
     0 | D:1      | Reached XP level 1. HP: 18/18 MP: 1/1
   312 | D:1      | Reached XP level 2. HP: 24/24 MP: 2/2
   559 | D:1      | Found a faded altar of an unknown god.
   699 | D:2      | Reached skill level 4 in Shields
   735 | D:2      | Noticed Terence
   737 | D:2      | Found a snail-covered altar of Cheibriados.
   753 | D:2      | Slain by Terence

Illustrated notes

Levels and vault maps discovered:
D:1:      lemuel_arrival_broad_hall, layout_loops_cross,
          dilly_ecumenical_altar_fadedgnrine, minmay_tetromino_t2
D:2:      layout_rooms, basic_altar, uniq_crazy_yiuf_cottage, uniq_terence,
          uniq_jessica

Skill      XL: |  1  2 |
---------------+-------+-----
Shields        | 4 |  4.0
Fighting       | |  3.6
Staves         | |  2.3
Armour         | |  3.2

Action                   || total
-------------------------++-------
Melee: Quarterstaff      ||    39
  Use: Scroll            ||     4
Armor: Scale mail        ||     9
Dodge: Dodged            ||    15
Block: Kite shield       ||    15
